Map: Catalyst LE

Players

PiG - Winner!

  • Race: Protoss Protoss
  • League: Grandmaster
  • Spawn Location: 5:00

MygraiN

  • Race: Protoss Protoss
  • League: Grandmaster
  • Spawn Location: 11:00

VOD

https://www.youtube.com/watch?v=7LEb-fkgw0M

Description

Time

  • Played on: March 25, 2018, 6:02 p.m.
  • Length: 9:05
Show
View Real Time Build Order
Export as new Build Order

PiG Protoss - Winner!

Build Orders: Zealot Archon 

Get SALT Encoding   

  12  0:00  Probe  
  13  0:13  Probe  
  14  0:17  Pylon  
  14  0:25  Probe (Chrono Boost)  
  15  0:37  Probe (Chrono Boost)  
  15  0:39  Gateway  
  16  0:45  Probe (Chrono Boost)  
  16  0:47  Assimilator  
  17  0:51  Probe  
  17  0:55  Assimilator  
  18  1:03  Probe  
  19  1:14  Gateway  
  19  1:15  Probe  
  20  1:27  Cybernetics Core, Probe  
  21  1:34  Pylon  
  21  1:39  Probe  
  22  1:49  Pylon  
  22  1:51  Probe  
  23  2:04  Probe, Sentry, Stalker  
  23  2:05  Warp Gate (Chrono Boost)  
  28  2:16  Probe  
  29  2:23  Pylon  
  29  2:28  Probe  
  30  2:46  Probe  
  30  2:47  Stalker  
  33  2:53  Stalker  
  35  3:01  Nexus  
  35  3:10  Shield Battery, Probe  
  35  3:22  Probe  
  36  3:34  Probe  
  36  3:36  Robotics Facility  
  36  3:40  Pylon  
  37  3:47  Probe  
  37  3:56  Forge  
  37  3:59  Probe  
  38  4:11  Probe  
  38  4:14  Sentry, Stalker  
  43  4:23  Probe  
  44  4:24  Immortal (Chrono Boost)  
  44  4:25  Probe  
  44  4:28  Protoss Ground Weapons Level 1 (Chrono Boost)  
  49  4:35  Probe  
  49  4:37  Probe  
  51  4:47  Probe  
  51  4:49  Probe (Chrono Boost)  
  53  4:54  Pylon  
  53  4:55  Warp Prism (Chrono Boost)  
  56  5:01  Probe (Chrono Boost)  
  56  5:04  Probe (Chrono Boost)  
  56  5:05  Pylon  
  57  5:10  Probe (Chrono Boost)  
  57  5:13  Probe (Chrono Boost)  
  59  5:15  Probe  
  59  5:16  Adept x2  
  64  5:23  Probe  
  64  5:28  Probe  
  67  5:29  Assimilator, Observer (Chrono Boost)  
  67  5:31  Assimilator  
  67  5:35  Probe  
  67  5:40  Probe  
  67  5:41  Twilight Council  
  69  5:44  Immortal  
  69  5:47  Gateway  
  73  5:53  Gateway  
  73  5:55  Probe  
  74  6:03  Probe  
  75  6:05  Pylon  
  75  6:11  Protoss Ground Weapons Level 2 (Chrono Boost)  
  75  6:30  Probe  
  75  6:32  Immortal  
  76  6:34  Charge  
  76  6:42  Templar Archives  
  76  6:44  Gateway, Pylon  
  76  6:46  Gateway  
  76  6:47  Gateway  
  76  6:48  Gateway  
  76  6:50  Zealot  
  76  6:51  Zealot  
  80  7:03  Nexus  
  80  7:18  Gateway  
  80  7:19  Gateway  
  80  7:21  Pylon  
  80  7:26  High Templar x4  
  80  7:29  Pylon  
  88  7:31  Pylon  
  88  7:33  Archon x2  
  88  7:43  Pylon  
  88  7:44  Pylon  
  88  7:49  High Templar x2  
  88  7:50  Zealot x2, Shield Battery  
  96  7:53  Archon  
  96  8:02  High Templar x2  
  100  8:07  Zealot x2, Archon  
  104  8:18  Zealot  
  104  8:19  Zealot  
  108  8:26  Zealot x4  
  114  8:32  Zealot x2  
  118  8:38  Zealot x2  
  107  8:42  Zealot x2  
  103  8:48  Zealot  
  103  8:59  High Templar x2  
  103  9:00  High Templar x2  
  103  9:02  Zealot x2  
  103  9:04  Archon x2  
Show
View Real Time Build Order
Export as new Build Order

MygraiN Protoss 

Build Orders: Phoenix Opening, Zealot Archon 

Get SALT Encoding   

  12  0:00  Probe  
  13  0:12  Probe  
  14  0:18  Pylon  
  14  0:24  Probe (Chrono Boost)  
  15  0:37  Probe (Chrono Boost)  
  15  0:40  Gateway  
  16  0:45  Probe (Chrono Boost)  
  16  0:47  Assimilator  
  17  0:51  Probe (Chrono Boost)  
  17  0:55  Assimilator  
  18  1:03  Probe (Chrono Boost)  
  19  1:11  Probe (Chrono Boost)  
  20  1:12  Gateway  
  20  1:17  Probe  
  21  1:28  Cybernetics Core  
  21  1:29  Probe  
  22  1:39  Pylon  
  22  1:41  Probe  
  23  2:03  Warp Gate (Chrono Boost)  
  23  2:05  Stalker x2  
  23  2:07  Pylon  
  27  2:34  Pylon  
  27  2:35  Sentry  
  29  2:38  Probe, Sentry  
  32  2:54  Probe  
  33  3:06  Nexus, Probe  
  34  3:17  Robotics Facility  
  34  3:18  Probe  
  34  3:30  Probe (Chrono Boost)  
  34  3:32  Forge  
  35  3:34  Shield Battery  
  35  3:40  Shield Battery  
  35  3:42  Probe (Chrono Boost)  
  35  3:48  Phoenix  
  36  3:50  Probe (Chrono Boost)  
  37  3:56  Probe  
  38  4:09  Probe (Chrono Boost)  
  39  4:12  Protoss Ground Weapons Level 1  
  39  4:17  Immortal (Chrono Boost)  
  39  4:18  Probe (Chrono Boost)  
  45  4:25  Sentry  
  45  4:26  Probe (Chrono Boost)  
  45  4:27  Probe (Chrono Boost)  
  48  4:33  Probe x2 (Chrono Boost)  
  50  4:40  Pylon  
  50  4:43  Phoenix  
  50  4:44  Probe  
  50  4:45  Probe  
  52  4:54  Assimilator  
  52  4:56  Assimilator  
  52  4:58  Immortal (Chrono Boost), Probe  
  52  4:59  Probe  
  58  5:08  Twilight Council  
  58  5:10  Probe  
  58  5:12  Probe  
  60  5:19  Pylon  
  60  5:22  Probe  
  60  5:24  Probe  
  60  5:27  Pylon  
  62  5:34  Warp Prism (Chrono Boost)  
  62  5:41  Pylon  
  64  5:44  Probe  
  64  5:45  Charge  
  64  5:48  Gateway x2  
  65  5:52  Gateway  
  65  6:02  Protoss Ground Weapons Level 2 (Chrono Boost)  
  65  6:03  Observer  
  66  6:07  Zealot  
  66  6:08  Zealot  
  66  6:11  Probe x2  
  72  6:14  Pylon  
  72  6:23  Probe x2  
  73  6:27  Immortal (Chrono Boost)  
  76  6:35  Probe  
  76  6:37  Probe  
  76  6:39  Templar Archives  
  78  6:47  Zealot x3  
  84  6:59  Gateway  
  84  7:01  Gateway  
  84  7:04  Zealot x2  
  84  7:06  Pylon  
  88  7:14  Gateway  
  88  7:17  High Templar x2  
  88  7:21  Gateway  
  92  7:23  Archon  
  92  7:24  High Templar  
  92  7:25  High Templar  
  92  7:28  Pylon  
  96  7:31  Archon  
  96  7:33  Shield Battery  
  96  7:49  High Templar  
  96  7:50  High Templar x2  
  102  7:55  Archon  
  102  7:56  High Templar  
  102  7:57  Zealot x3  
  110  8:00  Pylon x2  
  110  8:04  Archon  
  110  8:20  High Templar x2  
  110  8:24  Zealot  
  110  8:25  Zealot x4, Archon  
  124  8:28  Pylon  
  124  8:29  Pylon x2  
  124  8:39  Zealot  
Tags
 
Add a new tag
Caveats
  • Supply blocks, unpowered buildings, or Contaminate may cause inaccurate times.
  • Supply counts are checked every 10 seconds.